 Dungeon Crawl Stone Soup version 0.30.1-9-gdf580d7c3d (webtiles) character file.

Game seed: 6502216466943776051

385 xhellsdemonx the Ruffian (level 6, -3/61 HPs)
             Began as a Troll Fighter on Oct 4, 2023.
             Slain by Duvessa
             ... wielding a +2 short sword of electrocution
              (20 damage)
             ... on level 4 of the Dungeon.
             The game lasted 00:16:40 (2419 turns).

xhellsdemonx the Ruffian (Troll Fighter)            Turns: 2419, Time: 00:16:44

Health: -3/61      AC:  4    Str: 27    XL:     6   Next: 48%
Magic:  5/5        EV: 10    Int:  4    God:
Gold:   256        SH:  9    Dex: 15    Spells: 5/5 levels left

rFire   . .          .
                       - Unarmed
rCold   . . .        b - +0 kite shield
rNeg    . . .        a - +0 robe
rPois   .            (helmet restricted)
rElec   .            (no cloak)
rCorr   .            (gloves unavailable)
SInv    .            (boots unavailable)
Will    .....        (no amulet)
Stlth   +            m - +6 ring of dexterity
HPRegen 1.10/turn    (no ring)
MPRegen 0.09/turn

%: no passive effects
@: no status effects
A: large, unfitting armour, claws 3, regeneration 1, shaggy fur 1, tough skin 1
a: no special abilities


You were on level 4 of the Dungeon.
You visited 1 branch of the dungeon, and saw 4 of its levels.

You collected 256 gold pieces.

Inventory:

Armour
 a - a +0 robe (worn)
 b - a +0 kite shield (worn)
Jewellery
 e - a ring of ice
 m - a +6 ring of dexterity (left claw)
Scrolls
 g - a scroll of identify
 h - a scroll of immolation
 i - a scroll of blinking {unknown}
 j - 2 scrolls of fog {unknown}
 n - a scroll of poison {unknown}
 p - a scroll of teleportation {unknown}
 r - a scroll of enchant weapon {unknown}
 s - 3 scrolls of fear {unknown}
 t - a scroll of enchant armour {unknown}
 u - a scroll of noise {unknown}
Potions
 c - a potion of might
 d - a potion of mutation {unknown}
 f - 2 potions of attraction
 k - a potion of degeneration {unknown}
 l - a potion of ambrosia {unknown}
 o - a potion of curing {unknown}
 q - a potion of heal wounds {unknown}


   Skills:
 * Level 3.2 Fighting
 * Level 1.6 Armour
 + Level 3.2 Dodging
 + Level 3.5 Shields
 * Level 4.8 Unarmed Combat


You had 5 spell levels left.
You didn't know any spells.
Your spell library contained the following spells:

 Spells                   Type           Power      Damage    Failure   Level
 Vhi's Electric Charge    Tloc/Air       0%         N/A       98%         3
 Animate Armour           Summ/Erth      0%         N/A       100%        4
 Arcjolt                  Conj/Air       0%         1d10      100%        5
 Blade Hands              Tmut           0%         N/A       100%        5
 Iron Shot                Conj/Erth      0%         9d1       100%        6
 Plasma Beam              Fire/Air       0%         2x1d11    100%        6


Dungeon Overview and Level Annotations

Branches:
Dungeon (4/15)
 Temple: D:4-7

Altars:
Cheibriados

Annotations:
D:4 Dowan, Duvessa, Menkaure


Innate Abilities, Weirdness & Mutations

You are too large for most types of armour.
You have claws for hands.
Your natural rate of healing is unusually fast.
You are covered in fur. (AC +1)
You have tough skin. (AC +1)


Message History

a +0 club; a +0 dagger
There is a broken door here.
You open the door.
Found 44 gold pieces.
There is an open door here.
You now have 225 gold pieces (gained 13).
You now have 232 gold pieces (gained 7).
You now have 243 gold pieces (gained 11).
You now have 256 gold pieces (gained 13).
There is an open door here.
Things that are here:
a +0 club; a +0 dagger; a hobgoblin corpse
There is an open door here.
There is an open door here.
Duvessa, Sister of Dowan comes into view.
She is wielding a +2 short sword of electrocution.
Found 12 gold pieces.
Duvessa shouts!
Dowan, Brother of Duvessa comes into view.
He is wielding a +0 dagger.
Found 18 gold pieces.
Dowan shouts!
Menkaure, Prince of Dust comes into view.
Menkaure shouts!
You claw Duvessa!
Duvessa is moderately wounded.
Duvessa hits you with a +2 short sword of electrocution.
Dowan casts a spell at Duvessa.
Duvessa seems to speed up.
You claw Duvessa!
Duvessa is severely wounded.
Duvessa gestures with her weapon.
Duvessa hits you with a +2 short sword of electrocution.
Duvessa hits you with a +2 short sword of electrocution!
You barely miss Duvessa.
Duvessa is severely wounded.
Menkaure calls on the powers of darkness!
Dowan convulses!
Duvessa convulses!
Your body is wracked with pain!
Duvessa hits you with a +2 short sword of electrocution.
* * * LOW HITPOINT WARNING * * *
You are electrocuted!!
You die...

..###.....####.## ###...### #.#
.#####..##......# #...# #.#
.#####.###.###..## #...# #.#
.......# #.......# #...# ###..
##.....#
#.#.....######...###....
#.....## #.##...............###
#......##.#.................##.#
#[..........................#...
#......##.#...#@######....####'#
###.##.##.....e.# #...##.#...
####.##.....$e...# #...#..'...
................## #...##.#)))
###..#####.#..$# #....####'#
........ ..#..# #......#...
.##.##### M.# #...##.##.# .##.#
... ######..#'# ...# ##..†.


You could see Duvessa (fast), Menkaure and Dowan.

Vanquished Creatures
  Grinder (D:3)
  2 sleepcaps
  2 orc wizards (D:4)
  2 worms
  4 dart slugs
  4 orcs
  5 bats
  2 endoplasms (D:1)
  3 giant cockroaches
  13 hobgoblins
  5 quokkas
  6 ball pythons
  9 goblins
  5 kobolds
  9 rats
72 creatures vanquished.

Notes
Turn   | Place    | Note
-------+----------+-------------------------------------------
     0 | D:1      | xhellsdemonx the Troll Fighter began the quest for the Orb.
     0 | D:1      | Reached XP level 1. HP: 22/22 MP: 0/0
     6 | D:1      | Noticed a lindwurm
     6 | D:1      | Noticed an anaconda
     6 | D:1      | Noticed a rime drake
     6 | D:1      | Noticed a scorpion
     6 | D:1      | Noticed a wolf
   239 | D:1      | Reached XP level 2. HP: 29/29 MP: 1/1
  1024 | D:2      | Reached XP level 3. HP: 34/35 MP: 2/2
  1572 | D:3      | Noticed Grinder
  1582 | D:3      | Killed Grinder
  1583 | D:3      | Reached skill level 1 in Armour
  1583 | D:3      | Reached skill level 4 in Unarmed Combat
  1583 | D:3      | Reached XP level 4. HP: 17/45 MP: 3/3
  1583 | D:3      | Reached XP level 5. HP: 20/53 MP: 4/4
  1880 | D:3      | Reached XP level 6. HP: 58/61 MP: 5/5
  2012 | D:4      | Found a snail-covered altar of Cheibriados.
  2414 | D:4      | Noticed Duvessa
  2415 | D:4      | Noticed Dowan
  2416 | D:4      | Noticed Menkaure
  2419 | D:4      | Slain by Duvessa

Illustrated notes

Levels and vault maps discovered:
D:1:      onia_arrival_zoo_common, layout_basic
D:2:      layout_rooms
D:3:      layout_rooms, uniq_grinder
D:4:      cheibrodos_greedy_goblins, layout_loops_cross, slow_altar_1,
          nicolae_wu_jian_wuxing_cycle, uniq_menkaure, uniq_duvessa

Skill      XL: |  1  2  3 |
---------------+----------+-----
Shields        | 3 |  3.5
Fighting       | 3 |  3.2
Armour         | 1 |  1.6
Dodging        | 3 |  3.2
Unarmed Combat | 4 |  4.8

Action                     |  1- 3 |  4- 6 || total
---------------------------+-------+-------++-------
  Melee: Unarmed           |   110 |    76 ||   186
    Use: Potion            |     2 |       ||     2
         Scroll            |     1 |       ||     1
   Stab: Sleeping          |       |     2 ||     2
 Armour: Robe              |    32 |    21 ||    53
  Dodge: Dodged            |    37 |    24 ||    61
  Block: Kite shield       |    43 |    27 ||    70
